[Event "Challengers Triathlon (GM2)"]
[Site "Biel, CH"]
[Date "2025.07.20"]
[Round "12"]
[White "Dardha, Daniel"]
[Black "Hakobyan, Aram"]
[Result "1-0"]
[Board "3"]
[TimeControl "180+2"]
[WhiteFideId "240990"]
[BlackFideId "13306677"]
[WhiteTitle "GM"]
[BlackTitle "GM"]
[WhiteElo "2592"]
[BlackElo "2557"]
[WhiteTeam "BEL"]
[BlackTeam "ARM"]
[WhiteClock "0:00:18"]
[BlackClock "0:00:13"]
[Variant "Standard"]

1. c4 e6 2. Nf3 d5 3. e3 Nf6 4. b3 Bd6 5. Bb2 O-O 6. Nc3 c5 7. cxd5 exd5 8. d4 cxd4 9. Nxd4 Nc6 10. Be2 Nxd4 11. Qxd4 Re8 12. O-O Be5 13. Qd2 Bg4 14. Bxg4 Nxg4 15. h3 Nf6 16. Rfd1 Rc8 17. Rac1 Qa5 18. Nxd5 Rxc1 19. Bxc1 Qxd5 20. Qxd5 Nxd5 21. Rxd5 f6 22. Rc5 Kf7 23. Kf1 Ke6 24. Ke2 h5 25. Bd2 g5 26. g4 hxg4 27. hxg4 a6 28. a4 Re7 29. Rc4 Bd6 30. Bc3 Kf7 31. Kf3 Rd7 32. Rd4 Ke6 33. Rd3 Rc7 34. Ke4 Be7 35. f4 gxf4 36. exf4 Kf7 37. f5 b5 38. axb5 axb5 39. Rh3 Kg8 40. Kd5 Kf7 41. Bd4 Rd7+ 42. Ke4 Kg8 43. Rh6 Kf7 44. Rh7+ Kg8 45. Rh3 Kf7 46. Rc3 b4 47. Rc6 Rb7 48. Ra6 Rd7 49. Ra7 Rxa7 50. Bxa7 Ke8 51. Kd5 Kd7 52. Bc5 Bd8 53. Bxb4 Bc7 54. Bc3 Bd8 55. b4 Be7 56. b5 Bd8 57. Bd4 Be7 58. Bc5 Bd8 59. b6 Kc8 60. Kc6 Bc7 61. b7+ Kb8 62. Ba7+ 1-0

[Event "Challengers Triathlon (GM2)"]
[Site "Biel, CH"]
[Date "2025.07.20"]
[Round "13"]
[White "Hakobyan, Aram"]
[Black "Navara, David"]
[Result "1-0"]
[Board "1"]
[TimeControl "180+2"]
[WhiteFideId "13306677"]
[BlackFideId "309095"]
[WhiteTitle "GM"]
[BlackTitle "GM"]
[WhiteElo "2557"]
[BlackElo "2646"]
[WhiteTeam "ARM"]
[BlackTeam "CZE"]
[WhiteClock "0:00:09"]
[BlackClock "0:00:08"]
[Variant "Standard"]

1. d4 Nf6 2. c4 e6 3. Nc3 Bb4 4. e3 O-O 5. a3 Bxc3+ 6. bxc3 d6 7. Ne2 c5 8. Ng3 Nc6 9. Ra2 Qa5 10. Rd2 d5 11. Bb2 b6 12. cxd5 exd5 13. Be2 Ba6 14. O-O Bxe2 15. Qxe2 cxd4 16. cxd4 Ne7 17. f3 h5 18. Qd3 Rac8 19. Ne2 Ng6 20. Rdd1 Qa4 21. Rc1 Rfe8 22. Ng3 Qd7 23. Nf5 Ne7 24. Nxe7+ Qxe7 25. a4 Rxc1 26. Bxc1 Rc8 27. Bd2 Qd7 28. a5 b5 29. a6 Rc4 30. Rb1 Ne8 31. Qb3 Nc7 32. Ba5 Nxa6 33. Qxb5 Rc1+ 34. Kf2 Rc2+ 35. Kg1 Rc1+ 36. Kf2 Rc2+ 37. Kf1 Rc1+ 38. Ke2 Rc2+ 39. Bd2 Qe6 40. Qd3 Rc4 41. Kf2 g6 42. Kg1 Nc7 43. e4 Ne8 44. Rb8 Rc8 45. exd5 Qd7 46. Rxc8 Qxc8 47. Bf4 Qd7 48. Qb3 Qe7 49. h3 Qd7 50. Be5 f6 51. Bg3 Ng7 52. d6+ Kh7 53. Qa3 Ne6 54. Qc3 g5 55. d5 Ng7 56. Qc7 Qa4 57. d7 h4 58. d8=Q hxg3 59. Qxg3 Qd4+ 60. Qf2 Qa1+ 61. Kh2 Qe5+ 62. Qg3 1-0

[Event "Challengers Triathlon (GM2)"]
[Site "Biel, CH"]
[Date "2025.07.20"]
[Round "13"]
[White "Jumabayev, Rinat"]
[Black "Dardha, Daniel"]
[Result "1/2-1/2"]
[Board "2"]
[TimeControl "180+2"]
[WhiteFideId "13702661"]
[BlackFideId "240990"]
[WhiteTitle "GM"]
[BlackTitle "GM"]
[WhiteElo "2520"]
[BlackElo "2592"]
[WhiteTeam "KAZ"]
[BlackTeam "BEL"]
[WhiteClock "0:00:08"]
[BlackClock "0:00:06"]
[Variant "Standard"]

1. e4 d6 2. d4 Nf6 3. Nc3 e5 4. Nf3 Nbd7 5. Bc4 Be7 6. O-O O-O 7. a4 c6 8. a5 h6 9. Re1 Re8 10. h3 exd4 11. Nxd4 Bf8 12. Bf4 Ne5 13. Bf1 Bd7 14. Bg3 b5 15. axb6 axb6 16. Rxa8 Qxa8 17. f4 Ng6 18. e5 dxe5 19. fxe5 Nd5 20. Nxd5 cxd5 21. Bd3 Bc5 22. Bxg6 fxg6 23. Kh2 Qc8 24. e6 Bc6 25. Be5 Bxd4 26. Qxd4 Rxe6 27. Qxb6 Bb7 28. Qf2 d4 29. Bxd4 Rxe1 30. Qxe1 Qxc2 31. Qf2 Qe4 32. b4 Bc6 33. Bc3 g5 34. Kg1 g4 35. hxg4 Qxg4 36. Bd2 Qe4 37. Kh2 Kh7 38. Kg1 Qd5 39. Kh2 Qh5+ 40. Kg1 Be4 41. Bc3 Qd1+ 42. Qe1 Qc2 43. Bd2 Qd3 44. Qe3 Qd5 45. g3 Qf5 46. Qf4 Qg6 47. Bc3 Bb7 48. Qe5 Qb1+ 49. Kf2 Qc2+ 50. Ke3 Qc1+ 51. Kd4 Qd1+ 52. Kc5 Qd7 53. b5 Bg2 54. Kb4 Bf1 55. b6 Bg2 56. Qd4 Qb7 57. Ka5 Qa8+ 58. Kb4 Qb7 59. Ka5 Qa8+ 60. Kb4 Qb7 61. Qd3+ Be4 62. Qd6 Qf7 63. Qe5 Bc2 64. Kc5 h5 65. Kd6 Bf5 66. Kc5 Bc8 67. Qe4+ Bf5 68. Qe5 Bc8 69. Kb4 Bb7 70. Kc5 Qf8+ 71. Kb5 Qf1+ 72. Kb4 Qb1+ 73. Kc5 Qg6 74. Bd4 Qc6+ 75. Kb4 Qg6 76. Kc5 Qc6+ 77. Kb4 Qg6 1/2-1/2

[Event "Challengers Triathlon (GM2)"]
[Site "Biel, CH"]
[Date "2025.07.20"]
[Round "13"]
[White "Theodorou, Nikolas"]
[Black "Ma, Qun"]
[Result "1/2-1/2"]
[Board "3"]
[TimeControl "180+2"]
[WhiteFideId "4262875"]
[BlackFideId "8603154"]
[WhiteTitle "GM"]
[BlackTitle "GM"]
[WhiteElo "2549"]
[BlackElo "2614"]
[WhiteTeam "GRE"]
[BlackTeam "CHN"]
[WhiteClock "0:00:10"]
[BlackClock "0:00:08"]
[Variant "Standard"]

1. d4 d5 2. c4 c6 3. Nf3 Nf6 4. Nc3 e6 5. g3 dxc4 6. Bg2 b5 7. O-O Bb7 8. e4 Be7 9. h4 h6 10. Qe2 Nbd7 11. Rd1 a6 12. Bf4 O-O 13. Bh3 Qe8 14. e5 Nd5 15. Nxd5 cxd5 16. Nh2 Bc8 17. Re1 Ra7 18. Ng4 f5 19. exf6 Nxf6 20. Ne5 Ne4 21. f3 Nd6 22. Bg4 Nf5 23. h5 Bd6 24. Rad1 Rf6 25. Kh2 b4 26. Ng6 Bxf4 27. Nxf4 Qf7 28. Qe5 Rb7 29. Kg2 a5 30. Ng6 c3 31. Rc1 Kh7 32. bxc3 b3 33. axb3 Rxb3 34. Re2 a4 35. Rcc2 Ba6 36. Rf2 a3 37. Kh2 Rxg6 38. hxg6+ Qxg6 39. Bh3 Bc4 40. Bxf5 exf5 41. Kg2 Rb1 42. Qf4 Qh5 43. Qh4 Qe8 44. Qf4 Qh5 45. Qh4 Qe8 46. Qf4 Bd3 47. Rc1 Rb2 48. Ra1 Rxf2+ 49. Kxf2 Qe2+ 50. Kg1 a2 51. g4 fxg4 52. fxg4 Bb1 53. Kh1 Qb2 54. Kg1 Qxa1 55. Qc1 Kg8 56. Kf2 Kf7 57. Kg3 Ke6 58. Kh4 Kd7 59. g5 Kc6 60. gxh6 gxh6 61. Qxh6+ Kb5 62. Qc1 Kc4 63. Qf1+ Kb3 64. Qd1+ Ka3 65. Qe1 Qb2 66. Qe7+ Kb3 67. Qb7+ Kc2 68. Qh7+ Kxc3 69. Qc7+ Kd2 70. Qh2+ Kc1 71. Qg1+ Kc2 72. Qh2+ Kb3 73. Qb8+ Kc3 74. Qc7+ Kd3 75. Qg3+ Kc4 76. Qc7+ Kd3 77. Qg3+ Kd2 78. Qh2+ Kc1 79. Qg1+ Kc2 80. Qh2+ Kc3 81. Qc7+ Kd3 1/2-1/2

[Event "Challengers Triathlon (GM2)"]
[Site "Biel, CH"]
[Date "2025.07.20"]
[Round "14"]
[White "Navara, David"]
[Black "Ma, Qun"]
[Result "1-0"]
[Board "1"]
[TimeControl "180+2"]
[WhiteFideId "309095"]
[BlackFideId "8603154"]
[WhiteTitle "GM"]
[BlackTitle "GM"]
[WhiteElo "2646"]
[BlackElo "2614"]
[WhiteTeam "CZE"]
[BlackTeam "CHN"]
[WhiteClock "0:00:08"]
[BlackClock "0:00:04"]
[Variant "Standard"]

1. d4 d5 2. c4 c6 3. Nf3 Nf6 4. e3 Bg4 5. h3 Bxf3 6. Qxf3 e6 7. Nc3 Bb4 8. Bd2 O-O 9. Bd3 Nbd7 10. a3 Bd6 11. cxd5 exd5 12. g4 Nb6 13. g5 Nfd7 14. h4 Qe7 15. Rg1 Nc4 16. Bxc4 dxc4 17. Ne4 Rfd8 18. Bc3 Nb6 19. h5 Nd5 20. Nf6+ Kh8 21. Nxd5 cxd5 22. h6 g6 23. Qxd5 Bh2 24. Qc5 Qe4 25. Qxc4 Kg8 26. Rf1 Rac8 27. Qe2 Bd6 28. Rd1 Be7 29. Rg1 f6 30. gxf6 Bxf6 31. Qg4 Qe7 32. Ke2 Rc6 33. Rg3 b5 34. Rf3 a5 35. Bxa5 Rc2+ 36. Rd2 Rc1 37. Bb4 Qf7 38. Qe4 Re8 39. Qd3 Rec8 40. Bc5 Qe6 41. Qxb5 Bg5 42. Qd3 Bxh6 43. b4 Qg4 44. d5 Qg1 45. Rd1 Rxd1 46. Qxd1 Qg4 47. d6 Qe4 48. Qb3+ Kh8 49. Qd3 Qe6 50. d7 Rd8 51. Bd4+ Bg7 52. Bxg7+ Kxg7 53. Qd4+ Kg8 54. Rf6 Qa2+ 55. Kf3 Qb1 56. Kg2 Qc2 57. Qd5+ Kg7 58. Rf7+ Kh6 59. Qd4 Qc6+ 60. f3 Qc2+ 61. Kg3 1-0

[Event "Challengers Triathlon (GM2)"]
[Site "Biel, CH"]
[Date "2025.07.20"]
[Round "14"]
[White "Dardha, Daniel"]
[Black "Theodorou, Nikolas"]
[Result "1-0"]
[Board "2"]
[TimeControl "180+2"]
[WhiteFideId "240990"]
[BlackFideId "4262875"]
[WhiteTitle "GM"]
[BlackTitle "GM"]
[WhiteElo "2592"]
[BlackElo "2549"]
[WhiteTeam "BEL"]
[BlackTeam "GRE"]
[WhiteClock "0:00:05"]
[BlackClock "0:00:03"]
[Variant "Standard"]

1. d4 Nf6 2. Bg5 g6 3. Bxf6 exf6 4. e3 d5 5. c4 dxc4 6. Bxc4 Bd6 7. Nc3 O-O 8. Qf3 Kg7 9. Nge2 a6 10. O-O-O Nc6 11. Nf4 Bd7 12. g4 Nb4 13. a3 b5 14. Bb3 Nc6 15. Bd5 b4 16. axb4 Nxb4 17. Bxa8 Qxa8 18. Qxa8 Rxa8 19. h3 a5 20. Kd2 Rb8 21. Ke2 a4 22. Rd2 Bxf4 23. exf4 Re8+ 24. Kf3 Ra8 25. Ra1 Ra5 26. d5 Rc5 27. Nxa4 Ra5 28. b3 Nxd5 29. Kg3 Be6 30. Rc1 g5 31. fxg5 fxg5 32. Rc5 Rxc5 33. Nxc5 Nf4 34. h4 h6 35. Nxe6+ Nxe6 36. hxg5 hxg5 37. Kf3 Kf6 38. Rd5 c6 39. Rf5+ Ke7 40. Ke4 f6 41. b4 Nc7 42. Rc5 Kd6 43. Kf5 Nd5 44. Rc1 Kd7 45. Re1 Kc7 46. Rc1 Kb6 47. Ke6 1-0

[Event "Challengers Triathlon (GM2)"]
[Site "Biel, CH"]
[Date "2025.07.20"]
[Round "14"]
[White "Hakobyan, Aram"]
[Black "Jumabayev, Rinat"]
[Result "1-0"]
[Board "3"]
[TimeControl "180+2"]
[WhiteFideId "13306677"]
[BlackFideId "13702661"]
[WhiteTitle "GM"]
[BlackTitle "GM"]
[WhiteElo "2557"]
[BlackElo "2520"]
[WhiteTeam "ARM"]
[BlackTeam "KAZ"]
[WhiteClock "0:00:22"]
[BlackClock "0:00:04"]
[Variant "Standard"]

1. d4 e6 2. c4 d5 3. Nc3 Nf6 4. Bg5 Be7 5. e3 h6 6. Bxf6 Bxf6 7. Nf3 O-O 8. Rc1 a6 9. a3 dxc4 10. Bxc4 Nd7 11. O-O c5 12. Bd3 cxd4 13. exd4 b5 14. Be4 Ra7 15. Qe2 Bb7 16. Rfd1 Bxe4 17. Nxe4 Rc7 18. g3 Nb6 19. Nxf6+ gxf6 20. Rxc7 Qxc7 21. Qe3 Kg7 22. Rc1 Qd6 23. Rc5 Nd5 24. Qe4 Rd8 25. Kg2 Qd7 26. Qg4+ Kh7 27. Qh4 Kg7 28. Nd2 Ne7 29. Qg4+ Ng6 30. Nf3 f5 31. Qh5 Qe7 32. b4 Qb7 33. Kg1 Qe4 34. Rc7 Qb1+ 35. Kg2 Qe4 36. Kg1 Qb1+ 37. Kg2 Qe4 38. Kh3 Rf8 39. Ra7 Qe2 40. Kg2 Qe4 1-0

[Event "Challengers Triathlon (GM2)"]
[Site "Biel, CH"]
[Date "2025.07.20"]
[Round "15"]
[White "Jumabayev, Rinat"]
[Black "Navara, David"]
[Result "1-0"]
[Board "1"]
[TimeControl "180+2"]
[WhiteFideId "13702661"]
[BlackFideId "309095"]
[WhiteTitle "GM"]
[BlackTitle "GM"]
[WhiteElo "2520"]
[BlackElo "2646"]
[WhiteTeam "KAZ"]
[BlackTeam "CZE"]
[WhiteClock "0:00:06"]
[BlackClock "0:00:04"]
[Variant "Standard"]

1. Nf3 d5 2. g3 c6 3. Bg2 Bg4 4. c4 e6 5. cxd5 Bxf3 6. Bxf3 cxd5 7. d4 Nc6 8. Nc3 Nf6 9. O-O Be7 10. e3 O-O 11. Qe2 Rc8 12. Bd2 a6 13. Rfc1 b5 14. Qd1 Qb6 15. a4 b4 16. Ne2 e5 17. a5 Qb7 18. Be1 e4 19. Bg2 Rc7 20. Rc2 Bd6 21. Nc1 Nd8 22. Rxc7 Qxc7 23. Qe2 Qb7 24. Bf1 Nc6 25. Qxa6 Qxa6 26. Bxa6 Ra8 27. Bb5 Rxa5 28. Rxa5 Nxa5 29. Na2 b3 30. Nc1 Nc4 31. Bc3 Kf8 32. Nxb3 Nb6 33. Ba5 Na8 34. Bc6 Nc7 35. Nc5 Ke7 36. b4 Ne6 37. Nxe6 fxe6 38. b5 Nd7 39. b6 Nb8 40. Bb5 Ba3 41. Kg2 Kd6 42. f3 Nc6 43. Bd2 exf3+ 44. Kxf3 Nd8 45. e4 dxe4+ 46. Kxe4 Ke7 47. Bg5+ 1-0

[Event "Challengers Triathlon (GM2)"]
[Site "Biel, CH"]
[Date "2025.07.20"]
[Round "15"]
[White "Theodorou, Nikolas"]
[Black "Hakobyan, Aram"]
[Result "0-1"]
[Board "2"]
[TimeControl "180+2"]
[WhiteFideId "4262875"]
[BlackFideId "13306677"]
[WhiteTitle "GM"]
[BlackTitle "GM"]
[WhiteElo "2549"]
[BlackElo "2557"]
[WhiteTeam "GRE"]
[BlackTeam "ARM"]
[WhiteClock "0:00:05"]
[BlackClock "0:00:06"]
[Variant "Standard"]

1. d4 d5 2. c4 dxc4 3. Nf3 Nf6 4. e3 Be6 5. Na3 Bd5 6. Nxc4 e6 7. Be2 c5 8. O-O Nc6 9. dxc5 Bxc5 10. b3 O-O 11. Bb2 Qe7 12. a3 Rfd8 13. Qb1 a6 14. Ncd2 e5 15. Bc4 h6 16. Bxd5 Rxd5 17. Ne4 Nxe4 18. Qxe4 Qe6 19. b4 Be7 20. Rfd1 Rad8 21. Rxd5 Qxd5 22. Qxd5 Rxd5 23. e4 Rb5 24. Bc3 f6 25. Kf1 Rb6 26. Ke2 Na7 27. Nd2 Rc6 28. Kd3 Nb5 29. Bb2 Rd6+ 30. Ke2 Rc6 31. Kd3 Kf7 32. Nc4 Nd6 33. Na5 Rc7 34. Rc1 Rd7 35. Ke3 Ke6 36. f3 f5 37. exf5+ Nxf5+ 38. Ke2 Bg5 39. Rc2 Ne3 40. Rc5 Nxg2 41. Rxe5+ Kf7 42. Bc3 Nf4+ 43. Kf1 Bf6 44. Re4 Rd1+ 45. Re1 Rd3 46. Bxf6 Rxf3+ 47. Kg1 Kxf6 48. a4 b5 49. axb5 axb5 50. Nc6 Rb3 51. Re4 g5 52. Na7 Kf5 53. Re8 Rb1+ 54. Kf2 Rb2+ 55. Kg1 Rxb4 56. Rb8 Rb1+ 57. Kf2 Rb2+ 58. Ke3 b4 59. Nc6 b3 60. Nd4+ Kg4 61. Rxb3 Rxh2 62. Rb8 h5 63. Rg8 Rh3+ 64. Ke4 Rh1 65. Nf3 Nh3 66. Ne5 Kg3 67. Kf5 Rf1+ 68. Kg6 h4 69. Kh5 Rf5 70. Nc4 Nf4+ 71. Kh6 h3 72. Ne3 Ra5 73. Rxg5+ Rxg5 74. Kxg5 Kf3 75. Ng4 Kg3 76. Ne3 Nd5 77. Nf5+ Kg2 78. Kh4 h2 79. Ng3 Ne3 0-1

[Event "Challengers Triathlon (GM2)"]
[Site "Biel, CH"]
[Date "2025.07.20"]
[Round "15"]
[White "Ma, Qun"]
[Black "Dardha, Daniel"]
[Result "0-1"]
[Board "3"]
[TimeControl "180+2"]
[WhiteFideId "8603154"]
[BlackFideId "240990"]
[WhiteTitle "GM"]
[BlackTitle "GM"]
[WhiteElo "2614"]
[BlackElo "2592"]
[WhiteTeam "CHN"]
[BlackTeam "BEL"]
[WhiteClock "0:00:14"]
[BlackClock "0:00:11"]
[Variant "Standard"]

1. e4 e5 2. Nf3 Nc6 3. Bc4 d6 4. d4 Nf6 5. Nc3 Bg4 6. Bb5 Nd7 7. dxe5 dxe5 8. Bxc6 bxc6 9. h3 Bh5 10. Qd3 Bd6 11. O-O Nc5 12. Qe3 Ne6 13. Ne2 O-O 14. Ng3 Bg6 15. b3 f6 16. Bb2 a5 17. a4 Bb4 18. Bc3 Bc5 19. Qe1 Bb6 20. Rd1 Qe8 21. Nd2 c5 22. Nc4 Nd4 23. Rd2 Bf7 24. Ne3 Be6 25. Kh2 Kh8 26. Qc1 c4 27. bxc4 Qxa4 28. Qa1 Qc6 29. Qa2 a4 30. Bb4 Bc5 31. Bxc5 Qxc5 32. Rb1 c6 33. Rd3 Ra7 34. Ra3 Nb5 35. Rd3 Nd6 36. Rc3 a3 37. Rd1 h6 38. Rdd3 Rfa8 39. f3 Bg8 40. h4 Nb5 41. Rb3 Nd4 42. Rb1 Ra4 43. c3 Nb5 44. Rd7 Bxc4 45. Nxc4 Qxc4 46. Qd2 a2 47. Ra1 Qxc3 48. Qd1 Rd4 49. Rxd4 Qxd4 50. Qc1 Qxa1 51. Qxa1 Nd4 52. Nf5 Nb3 53. Qd1 a1=Q 54. Qxb3 Qa7 55. Qe6 Rf8 56. Qxc6 Qf7 57. Qd6 h5 58. Ne7 Re8 59. Nf5 g6 60. Ne3 Qe6 61. Qc7 Re7 62. Qd8+ Kg7 63. Nd5 Rd7 64. Qc8 Qd6 65. Qe8 Rd8 66. Qb5 Rb8 67. Qa5 Rb7 68. Qa8 Rf7 69. Qc8 Qd7 70. Qb8 Rf8 71. Qb6 Qd8 72. Qb7+ Rf7 73. Qc6 f5 74. Qe6 Qxh4+ 75. Kg1 Qe1+ 76. Kh2 Qh4+ 77. Kg1 fxe4 78. Qxe5+ Kh7 79. f4 Qe1+ 80. Kh2 Qh4+ 81. Kg1 e3 82. Qxe3 Qd8 83. Qe6 Ra7 84. Nf6+ Kg7 85. Ne8+ Kh6 86. Nf6 Qd4+ 87. Kh2 Qxf4+ 88. g3 Qf2+ 89. Kh3 Qf5+ 90. Qxf5 gxf5 91. Nd5 Ra4 92. Nc3 Rc4 93. Nd5 Kg5 94. Ne3 Ra4 95. Nd5 h4 96. gxh4+ Rxh4+ 97. Kg3 Rd4 0-1

[Event "Challengers Triathlon (GM2)"]
[Site "Biel, CH"]
[Date "2025.07.20"]
[Round "16"]
[White "Navara, David"]
[Black "Dardha, Daniel"]
[Result "1-0"]
[Board "1"]
[TimeControl "180+2"]
[WhiteFideId "309095"]
[BlackFideId "240990"]
[WhiteTitle "GM"]
[BlackTitle "GM"]
[WhiteElo "2646"]
[BlackElo "2592"]
[WhiteTeam "CZE"]
[BlackTeam "BEL"]
[WhiteClock "0:00:08"]
[BlackClock "0:00:09"]
[Variant "Standard"]

1. e4 e5 2. Nf3 Nc6 3. Bb5 a6 4. Ba4 Nge7 5. O-O Ng6 6. c3 d5 7. exd5 Qxd5 8. Bb3 Qd3 9. Bc2 Qd6 10. Re1 Be7 11. d4 exd4 12. Nxd4 Nxd4 13. Qxd4 O-O 14. Qxd6 Bxd6 15. Nd2 Be6 16. Ne4 Be7 17. Ng5 Bxg5 18. Bxg5 Rfe8 19. b3 f6 20. Be3 Kf7 21. f3 h5 22. Be4 c6 23. c4 Rad8 24. Kf2 Ne7 25. Rad1 Bf5 26. Bxf5 Nxf5 27. Bb6 Rxe1 28. Rxd8 Ra1 29. Rd2 Ke6 30. g4 hxg4 31. fxg4 Nh6 32. h3 Nf7 33. Bd4 Rc1 34. Be3 Rb1 35. Bf4 b5 36. Ke3 Ne5 37. c5 Ke7 38. Bxe5 fxe5 39. Rd6 Rh1 40. Rxc6 Rxh3+ 41. Ke4 a5 42. Kxe5 Re3+ 43. Kf5 Re2 44. a3 Re3 45. Ra6 Rxb3 46. Rxa5 Kd7 47. Ra6 Ke7 48. Ra7+ Kf8 49. c6 Rc3 50. c7 Ke8 51. Ra8+ Kd7 52. c8=Q+ Rxc8 53. Rxc8 Kxc8 54. Kg6 1-0

[Event "Challengers Triathlon (GM2)"]
[Site "Biel, CH"]
[Date "2025.07.20"]
[Round "16"]
[White "Ma, Qun"]
[Black "Hakobyan, Aram"]
[Result "0-1"]
[Board "2"]
[TimeControl "180+2"]
[WhiteFideId "8603154"]
[BlackFideId "13306677"]
[WhiteTitle "GM"]
[BlackTitle "GM"]
[WhiteElo "2614"]
[BlackElo "2557"]
[WhiteTeam "CHN"]
[BlackTeam "ARM"]
[WhiteClock "0:00:03"]
[BlackClock "0:00:12"]
[Variant "Standard"]

1. d4 d5 2. c4 dxc4 3. e4 b5 4. a4 c6 5. axb5 cxb5 6. b3 e5 7. d5 Nf6 8. f3 Bc5 9. bxc4 Qb6 10. Ne2 Bf2+ 11. Kd2 O-O 12. Nbc3 bxc4 13. Ba3 Be3+ 14. Ke1 Na6 15. Qb1 Nc5 16. Nc1 Bd4 17. Kd2 Ba6 18. Qxb6 axb6 19. Rb1 Rfb8 20. Be2 b5 21. Kc2 Nfd7 22. Rd1 Bc8 23. Bxc5 Bxc3 24. Bd6 Bd4 25. Bxb8 Rxb8 26. Na2 Rb6 27. Nb4 Bb7 28. Ra1 h5 29. Ra7 Nc5 30. Bf1 h4 31. g3 hxg3 32. hxg3 Rh6 33. Ra5 Rh2+ 34. Kc1 Nb3+ 0-1

[Event "Challengers Triathlon (GM2)"]
[Site "Biel, CH"]
[Date "2025.07.20"]
[Round "16"]
[White "Theodorou, Nikolas"]
[Black "Jumabayev, Rinat"]
[Result "1/2-1/2"]
[Board "3"]
[TimeControl "180+2"]
[WhiteFideId "4262875"]
[BlackFideId "13702661"]
[WhiteTitle "GM"]
[BlackTitle "GM"]
[WhiteElo "2549"]
[BlackElo "2520"]
[WhiteTeam "GRE"]
[BlackTeam "KAZ"]
[WhiteClock "0:00:08"]
[BlackClock "0:00:18"]
[Variant "Standard"]

1. d4 Nf6 2. c4 e6 3. Nf3 Bb4+ 4. Nbd2 b6 5. a3 Bxd2+ 6. Nxd2 Bb7 7. e3 d6 8. b3 O-O 9. Bd3 Nbd7 10. Bb2 c5 11. dxc5 Nxc5 12. Bc2 Qe7 13. O-O Rac8 14. Qe2 d5 15. Rac1 dxc4 16. Nxc4 Be4 17. Rfd1 Rfd8 18. h3 h6 19. Bd4 Bxc2 20. Qxc2 Nce4 21. Qb2 Ne8 22. Ne5 Qb7 23. b4 f6 24. Rxc8 Rxc8 25. Nf3 e5 26. Qb3+ Qf7 27. Qb1 Nxf2 28. Kxf2 exd4 29. Rxd4 Qe6 30. Qd3 f5 31. Rd8 Rxd8 32. Qxd8 Kh7 33. Nd4 Qe5 34. Qd7 Nd6 35. Ne2 Ne4+ 36. Kf3 Ng5+ 37. Kf2 Ne4+ 38. Kf3 Kh8 39. Qd8+ Kh7 1/2-1/2

[Event "Challengers Triathlon (GM2)"]
[Site "Biel, CH"]
[Date "2025.07.20"]
[Round "17"]
[White "Theodorou, Nikolas"]
[Black "Navara, David"]
[Result "1-0"]
[Board "1"]
[TimeControl "180+2"]
[WhiteFideId "4262875"]
[BlackFideId "309095"]
[WhiteTitle "GM"]
[BlackTitle "GM"]
[WhiteElo "2549"]
[BlackElo "2646"]
[WhiteTeam "GRE"]
[BlackTeam "CZE"]
[WhiteClock "0:00:13"]
[BlackClock "0:00:12"]
[Variant "Standard"]

1. Nf3 d5 2. g3 Nf6 3. Bg2 e6 4. O-O Be7 5. d3 O-O 6. a4 c5 7. e4 Nc6 8. Qe2 dxe4 9. dxe4 e5 10. c3 h6 11. Nfd2 Qc7 12. Nc4 b6 13. f4 Bg4 14. Qf2 Be6 15. Nba3 a6 16. f5 Bxc4 17. Nxc4 b5 18. Ne3 Na5 19. axb5 axb5 20. Nd5 Nxd5 21. exd5 Qd6 22. Qe2 c4 23. Be3 Nb3 24. Rxa8 Rxa8 25. h4 Ra2 26. f6 Bxf6 27. Qg4 Ra8 28. Bxh6 Nc5 29. Be3 Qd7 30. Qxd7 Nxd7 31. d6 Ra6 32. Rd1 Kf8 33. Bb7 Ra2 34. Bc6 Ke8 35. Bxb5 Rxb2 36. Bc6 Kd8 37. Ra1 e4 38. Ra8+ Rb8 39. Bb6+ Kc8 40. Bxd7+ 1-0

[Event "Challengers Triathlon (GM2)"]
[Site "Biel, CH"]
[Date "2025.07.20"]
[Round "17"]
[White "Jumabayev, Rinat"]
[Black "Ma, Qun"]
[Result "0-1"]
[Board "2"]
[TimeControl "180+2"]
[WhiteFideId "13702661"]
[BlackFideId "8603154"]
[WhiteTitle "GM"]
[BlackTitle "GM"]
[WhiteElo "2520"]
[BlackElo "2614"]
[WhiteTeam "KAZ"]
[BlackTeam "CHN"]
[WhiteClock "0:00:06"]
[BlackClock "0:00:09"]
[Variant "Standard"]

1. d4 Nf6 2. c4 e6 3. Nf3 d5 4. g3 Bb4+ 5. Bd2 Be7 6. Bg2 O-O 7. O-O c6 8. Qc2 Nbd7 9. Rd1 a5 10. Bf4 Nh5 11. Bc1 a4 12. a3 f5 13. Nc3 Qa5 14. Bg5 Bd6 15. c5 Bc7 16. e3 e5 17. Be7 Re8 18. Bd6 Bxd6 19. cxd6 e4 20. Nd2 Nhf6 21. b3 axb3 22. Nxb3 Qd8 23. Nc5 Nf8 24. Rdb1 b6 25. N5a4 b5 26. Nc5 Qxd6 27. a4 bxa4 28. N3xa4 Rb8 29. Rxb8 Qxb8 30. Rb1 Qc7 31. Qb2 N8d7 32. Bh3 g6 33. Bf1 Kg7 34. Qc3 Kh6 35. Rc1 Nf8 36. Rb1 g5 37. Nb6 Be6 38. Nba4 Bc8 39. Nb6 Ne6 40. Nxc8 Qxc8 41. Ba6 Qd8 42. Bb7 Nxc5 43. Qxc5 Re6 44. Bxc6 Qc8 45. Rc1 f4 46. Bxd5 Qxc5 47. Rxc5 Rd6 48. Bc4 f3 49. h4 g4 50. Bf1 Kg6 51. Rc1 Rb6 52. Rd1 Kf7 53. Bc4+ Ke7 54. Ra1 Rb2 55. Ra7+ Kd8 56. Ra1 Rc2 57. Be6 Ke7 58. Bf5 Rc7 59. Rd1 h6 60. Rb1 Ra7 61. Rc1 Ra5 62. Bc8 Kd6 63. Bb7 Rb5 64. Bc8 Rb2 65. Kf1 h5 66. Kg1 Re2 67. Bf5 Rb2 68. Ra1 Rb5 69. Ra6+ Ke7 70. Ra7+ Kd8 71. Ra8+ Kc7 72. Be6 Rb6 73. Bc4 Rc6 74. Ra4 Nd7 75. Ra7+ Kb8 76. Rxd7 Rxc4 77. Rd5 Rc1+ 78. Kh2 Rf1 79. Rb5+ Kc7 80. Rb2 Kc6 81. Rc2+ Kb5 82. Rd2 Kc6 83. Rc2+ Kd6 84. Ra2 Rc1 85. Ra6+ Kc7 86. Ra2 Kc6 87. Rb2 Rd1 88. Rc2+ Kb5 89. Rc5+ Kb4 90. Rxh5 Rf1 91. Rg5 Rxf2+ 92. Kh1 Kc4 93. d5 Rd2 94. Kg1 Kd3 95. h5 Kxe3 96. h6 Rd1+ 97. Kh2 f2 98. Rf5 f1=Q 99. Rxf1 Rxf1 0-1

[Event "Challengers Triathlon (GM2)"]
[Site "Biel, CH"]
[Date "2025.07.20"]
[Round "17"]
[White "Hakobyan, Aram"]
[Black "Dardha, Daniel"]
[Result "1-0"]
[Board "3"]
[TimeControl "180+2"]
[WhiteFideId "13306677"]
[BlackFideId "240990"]
[WhiteTitle "GM"]
[BlackTitle "GM"]
[WhiteElo "2557"]
[BlackElo "2592"]
[WhiteTeam "ARM"]
[BlackTeam "BEL"]
[WhiteClock "0:00:07"]
[BlackClock "0:00:02"]
[Variant "Standard"]

1. d4 Nf6 2. c4 e6 3. Nc3 d5 4. Bg5 Be7 5. e3 h6 6. Bh4 O-O 7. Nf3 c6 8. Rc1 Nbd7 9. Qc2 a6 10. cxd5 exd5 11. Bd3 Re8 12. O-O Nh5 13. Bxe7 Qxe7 14. Rce1 Nhf6 15. e4 dxe4 16. Nxe4 Qf8 17. Nxf6+ Nxf6 18. Bc4 Bg4 19. Re3 Bxf3 20. Rxf3 Qe7 21. Re3 Qd7 22. Qd3 Nd5 23. Re5 Re7 24. Bxd5 cxd5 25. h3 Rae8 26. Rfe1 Rxe5 27. dxe5 Qe6 28. f4 g6 29. Qd4 h5 30. Rd1 Rd8 31. Kh2 Rd7 32. b3 Kh7 33. Rd2 Qf5 34. a4 Rc7 35. Rf2 Rd7 36. Rf3 Qe6 37. Rc3 Qf5 38. Rc5 Qe4 39. Qxe4 dxe4 40. Rc4 e3 41. Kg3 Rd3 42. Rc7 h4+ 43. Kf3 Rxb3 44. e6 e2+ 45. Kxe2 Rb4 46. Kf3 Rb3+ 47. Ke4 Kg7 48. Rxf7+ Kg8 49. Ke5 Rb4 50. Rc7 Kf8 51. f5 1-0

[Event "Challengers Triathlon (GM2)"]
[Site "Biel, CH"]
[Date "2025.07.20"]
[Round "18"]
[White "Navara, David"]
[Black "Hakobyan, Aram"]
[Result "0-1"]
[Board "1"]
[TimeControl "180+2"]
[WhiteFideId "309095"]
[BlackFideId "13306677"]
[WhiteTitle "GM"]
[BlackTitle "GM"]
[WhiteElo "2646"]
[BlackElo "2557"]
[WhiteTeam "CZE"]
[BlackTeam "ARM"]
[WhiteClock "0:00:04"]
[BlackClock "0:00:13"]
[Variant "Standard"]

1. d4 Nf6 2. c4 e6 3. Nc3 Bb4 4. e3 O-O 5. Bd3 b6 6. e4 d5 7. cxd5 c5 8. a3 cxd4 9. axb4 dxc3 10. Ne2 exd5 11. e5 Ng4 12. bxc3 Qh4 13. g3 Nxe5 14. Nf4 Nxd3+ 15. Qxd3 Qe7+ 16. Be3 d4 17. Qxd4 Bb7 18. O-O Nc6 19. Qd1 Rfd8 20. Qe2 Ne5 21. f3 Qf6 22. Bd4 Rxd4 23. cxd4 Nxf3+ 24. Kf2 Nxd4 25. Qb2 g5 26. Rad1 Rd8 27. Kg1 Nf3+ 0-1